 Dungeon Crawl Stone Soup version 0.31-a0-1626-g5cb510d322 (webtiles) character file.

Game seed: 11379946407312597314

159 mopl the Ruffian (level 5, 0/38 HPs)
             Began as a Djinni Shapeshifter on Jan 12, 2024.
             Slain by a hound (5 damage)
             ... on level 4 of the Dungeon.
             The game lasted 00:02:32 (2546 turns).

mopl the Ruffian (Djinni Shapeshifter)              Turns: 2546, Time: 00:02:32

Health: 0/38       AC:  5    Str: 15    XL:     5   Next: 68%
Gold:   243        EV: 11    Int: 11    God:
                   SH:  0    Dex: 13

rFire   + +          .
                       - Unarmed
rCold   x . .        (no shield)
rNeg    . . .        q - +0 ring mail
rPois   ∞            (helmet currently unavailable)
rElec   .            (cloak currently unavailable)
rCorr   .            (gloves currently unavailable)
SInv    .            (boots unavailable)
Will    .....        (no amulet)
Stlth   +            (no ring)
HPRegen 0.26/turn    (no ring)
MPRegen 0.00/turn

%: infuse magic (-1 HP)
@: beast-form, flying
A: beast (slay +2), flying, sickness immunity, fire resistance 2, cold
vulnerability 1, float, innate caster, HP casting, extra vitality 1
a: Begin Untransformation


You were on level 4 of the Dungeon.
You were a hulking beast.
You visited 1 branch of the dungeon, and saw 4 of its levels.

You collected 243 gold pieces.

Inventory:

Missiles
 r - 2 javelins (quivered)
Armour
 p - a +0 pair of gloves
 q - a +0 ring mail (worn)
Talismans
 c - a beast talisman
 d - a flux talisman
Wands
 j - a wand of flame (1)
Scrolls
 a - a scroll of poison {unknown}
 f - a scroll of vulnerability {unknown}
 k - a scroll of noise {unknown}
 l - 2 scrolls of fog {unknown}
 o - 3 scrolls of identify {unknown}
Potions
 b - 2 potions of lignification {!q}
 e - 3 potions of degeneration {unknown}
 g - a potion of invisibility {unknown}
 h - a potion of might {unknown}
 i - a potion of curing {unknown}
 m - 2 potions of mutation {unknown}
 n - a potion of ambrosia {unknown}
 s - a potion of heal wounds {unknown}


   Skills:
 + Level 2.3 Fighting
 - Level 2.1 Dodging
 * Level 4.3 Unarmed Combat
 * Level 3.8 Shapeshifting


You knew the following spells:

 Your Spells              Type           Power      Damage    Failure   Level
a - Freeze                Ice            0%         1d3       56%         1
b - Jinxbite              Hex            0%         N/A       71%         2
Your spell library was empty.

Dungeon Overview and Level Annotations

Branches:
Dungeon (4/15)             Temple (0/1) D:4

Altars:
Ashenzari
Makhleb


Innate Abilities, Weirdness & Mutations

You are a hulking beast.
Your limbs bulge with bestial killing power. (Slay +2)
You are flying.
You are immune to sickness and miasma.
You are immune to poison.
Your flesh is very heat resistant. (rF++)
You are vulnerable to cold. (rC-)
You float through the air rather than walking.
You learn spells naturally, not from books.
Your magical power is your life essence.
You have superior vitality. (+4 MHP)


Message History

You are too injured to fight recklessly!
You are too injured to fight recklessly!
You are too injured to fight recklessly!
You are too injured to fight recklessly!
Unknown command.
The hound barely misses you.
The orc priest attacks as it pursues you!
The orc priest hits you with a +0 flail.
The hound barely misses you. The sleepcap releases spores at you.
* * * LOW HITPOINT WARNING * * *
The hound attacks as it pursues you! The hound bites you but does no damage.
The hound barely misses you. The hound attacks as it pursues you!
The hound barely misses you. The hound bites you but does no damage.
The hound attacks as it pursues you! The hound closely misses you.
The hound bites you but does no damage.
The orc priest mumbles some strange prayers to Beogh against you.
Beogh smites you!
* * * LOW HITPOINT WARNING * * *
The hound attacks as it pursues you! The hound barely misses you.
The hound attacks as it pursues you! The hound closely misses you.
The hound bites you.
* * * LOW HITPOINT WARNING * * *
The hound closely misses you.
The orc priest looks satisfied for a moment.
The hound attacks as it pursues you! The hound barely misses you. x2
The hound attacks as it pursues you! The hound closely misses you.
The hound attacks as it pursues you! The hound closely misses you.
The hound bites you but does no damage. The hound attacks as it pursues you!
The hound barely misses you. The hound attacks as it pursues you!
The hound bites you but does no damage. The hound bites you.
* * * LOW HITPOINT WARNING * * *
The hound attacks as it pursues you!
The hound bites you but does no damage. x2
The hound closely misses you. The hound misses you.
The hound closely misses you. The hound attacks as it pursues you!
The hound bites you but does no damage. The hound attacks as it pursues you!
The hound bites you.
You die...

# ##...................#
...##.....###...........##
........##...##.........#
.......#..###..#.......##
......#..#...#..#......#
......#.#.###.#.#.....## #
.#...#.#.#...#.#.#....## ###
##..#.#.#.>.#.#.#.....####..
##.#.#.#..h#.#.#...........
#.#.#.###h#.#...#........
#.#..#...#..#...##.......
#..#..###..#...##....##..
##...##..^##....#....#####
###......###.......o..## #
####.....####............#
###.......## ####.........#
).........# #....##...#


You could see a hound.

Vanquished Creatures
  A sleepcap (D:4)
  3 gnolls
  4 adders
  A ribbon worm (D:2)
  3 dart slugs
  An orc (D:4)
  7 endoplasms
  3 giant cockroaches
  8 hobgoblins
  A quokka (D:3)
  5 ball pythons
  3 bats (D:3)
  3 frilled lizards
  6 goblins
  6 kobolds
  2 rats (D:3)
57 creatures vanquished.

Notes
Turn   | Place    | Note
-------+----------+-------------------------------------------
     0 | D:1      | mopl the Djinni Shapeshifter began the quest for the Orb.
     0 | D:1      | Reached XP level 1. HP: 17/17 MP: 0/0
    77 | D:1      | Reached XP level 2. HP: 21/22 MP: 0/0
   616 | D:1      | Found a faded altar of an unknown god.
   962 | D:2      | Reached skill level 3 in Shapeshifting
   971 | D:2      | Reached XP level 3. HP: 24/27 MP: 0/0
   971 | D:2      | Learned a level 1 spell: Freeze
  1570 | D:2      | Reached XP level 4. HP: 19/33 MP: 0/0
  1824 | D:3      | Found a burning altar of Makhleb.
  1964 | D:3      | Reached skill level 2 in Fighting
  1964 | D:3      | Reached skill level 4 in Unarmed Combat
  2189 | D:4      | Reached XP level 5. HP: 38/38 MP: 0/0
  2189 | D:4      | Learned a level 2 spell: Jinxbite
  2189 | D:4      | Found a staircase to the Ecumenical Temple.
  2330 | D:4      | Found a broken altar of Ashenzari.
  2527 | D:4      | HP: 1/38 [hound (1)]
  2546 | D:4      | Slain by a hound

Illustrated notes

Levels and vault maps discovered:
D:1:      evilmike_arrival_plus, layout_loops_ring,
          shapermc_ecumenical_altar_mp_urbaneastern, hangedman_decor_points,
          roderic_lattice_a
D:2:      layout_loops_cross, basic_altar, minmay_increasing_density
D:3:      layout_rooms, marbit_many_paths, chequers_serial_rivers_small_a,
          minivault_23
D:4:      layout_layer_cave, kennysheep_mini, minmay_temple_entry_steel_oval

Skill      XL: |  1  2  3  4 |
---------------+-------------+-----
Shapeshifting  | 3 |  3.8
Fighting       | 2 |  2.3
Unarmed Combat | 4 |  4.3
Dodging        | |  2.1

Action                     |  1- 3 |  4- 6 || total
---------------------------+-------+-------++-------
  Melee: Unarmed           |    79 |    89 ||   168
         Punch             |     1 |     4 ||     5
   Stab: Sleeping          |     2 |       ||     2
         Distracted        |       |     1 ||     1
 Armour: Animal skin       |    28 |    16 ||    44
         Ring mail         |       |    53 ||    53
  Dodge: Dodged            |    30 |    58 ||    88

Table legend: (Time is in decaauts)
 A = Elapsed time spent in this place.
 B = Non-inter-level travel time spent in this place.
 C = Inter-level travel time spent in this place.
 D = Time resting spent in this place.
 E = Time spent auto-exploring this place.
 F = Levels seen in this place.
 G = Mean time per level.
                   A        B        C        D        E       F      G
               +--------+--------+--------+--------+--------+-----+--------+
         Total |   2536 |   2448 |     88 |     79 |   1874 |   4 |  634.0 |
       Dungeon |   2536 |   2448 |     88 |     79 |   1874 |   4 |  634.0 |
               +--------+--------+--------+--------+--------+-----+--------+

Top non-repeatable levels by time:
     D:1: 932 daAuts
     D:2: 705 daAuts
     D:3: 562 daAuts
     D:4: 335 daAuts
